 Dungeon Crawl Stone Soup version 0.18.1-48-g4cf74bf (webtiles) character file.

5149 Reudenith the Severer (level 10, -15/77 HPs)
             Began as a Minotaur Fighter on June 29, 2016.
             Was an Elder of Qazlal.
             Demolished by a two-headed ogre
             ... wielding a +0 giant spiked club
              (29 damage)
             ... on level 9 of the Dungeon.
             The game lasted 00:35:07 (8148 turns).

Reudenith the Severer (Minotaur Fighter)            Turns: 8148, Time: 00:35:07

Health: -15/77     AC:  2    Str: 28    XL:     10   Next: 33%
Magic:  9/9        EV:  8    Int: 10    God:    Qazlal [****..]
Gold:   568        SH: 16    Dex:  8    Spells: 0 memorised, 9 levels left

rFire  . . .     SeeInvis .     H - +9 whip of the Hummingbird {holy, *Contam MR+ Str+4 Int+2}
rCold  + + +     Gourm    .     S - +0 ring mail "Appeam" {*Corrode rElec rC++} (curse)
rNeg   . . .     Faith    .     c - +1 shield
rPois  .         Spirit   .     (helmet restricted)
rElec  +         Dismiss  .     I - +0 cloak
rCorr  .         Reflect  .     (no gloves)
SustAt .         Harm     .     C - +1 pair of boots
MR     +....                    (no amulet)
Stlth  ..........               M - +3 ring of strength
                                j - +3 ring of slaying

@: corroded, repel missiles, somewhat resistant to hostile enchantments,
extremely unstealthy
A: retaliatory headbutt, horns 2, clumsy 1, cold resistance 1, deformed body
a: Upheaval, Elemental Force, Renounce Religion


You were on level 9 of the Dungeon.
You worshipped Qazlal.
Qazlal was greatly pleased with you.
You were not hungry.

You visited 2 branches of the dungeon, and saw 11 of its levels.
You also visited: Ossuary.

You collected 568 gold pieces.

Inventory:

Hand Weapons
 a - a +0 war axe
 H - the +9 whip of the Hummingbird (weapon) {holy, *Contam MR+ Str+4 Int+2}
   (You found it on level 8 of the Dungeon)

   It has been blessed by the Shining One to cause great damage to the undead
   and demons.
   It affects your strength (+4).
   It affects your intelligence (+2).
   It affects your resistance to hostile enchantments.
   It causes magical contamination when unequipped.
Armour
 b - a +0 scale mail
 c - a +1 shield (worn)
 m - a +0 chain mail
 B - a +0 leather armour of positive energy
 C - a +1 pair of boots (worn)
 E - the +1 leather armour of Parts Unknown {rElec Int+3}
   (You found it on level 5 of the Dungeon)

   It affects your intelligence (+3).
   It insulates you from electricity.
 I - a +0 cloak (worn)
 S - the cursed +0 ring mail "Appeam" (worn) {*Corrode rElec rC++}
   (You found it on level 8 of the Dungeon)

   It greatly protects you from cold.
   It insulates you from electricity.
   It may corrode you when you take damage.
   It has a curse placed upon it.
Jewellery
 j - a +3 ring of slaying (left hand)
 M - a +3 ring of strength (right hand)
Wands
 d - a wand of paralysis (13/24)
 y - a wand of teleportation (5/9)
 G - a wand of flame (15/48)
 N - a wand of lightning (11/15)
 O - a wand of polymorph (2/24)
 P - a wand of acid (2/15)
 Q - a wand of disintegration (18/24)
 T - a wand of digging (6/24)
Scrolls
 e - 4 scrolls of enchant armour
 n - 4 scrolls of identify
 p - 3 scrolls of teleportation
 r - 3 scrolls of fog
 s - 3 scrolls of magic mapping
 t - a scroll of recharging
 u - 2 scrolls of random uselessness {unknown}
 v - a scroll of remove curse
 D - 2 scrolls of fear {unknown}
 J - 2 scrolls of enchant weapon {unknown}
Potions
 h - a potion of magic {unknown}
 i - a potion of brilliance {unknown}
 k - 3 potions of mutation
 o - 3 potions of curing {unknown}
 q - 3 potions of heal wounds {unknown}
 w - 2 potions of flight
 x - 3 potions of agility
 z - a potion of berserk rage {unknown}
 A - a potion of lignification {unknown}
 L - 4 potions of degeneration {unknown}
Books
 K - a Fen Folio

   Spells                             Type                      Level
   a - Corpse Rot                     Necromancy                   2
   b - Stone Arrow                    Conjuration/Earth            3
   c - Leda's Liquefaction            Hexes/Earth                  4
   d - Summon Forest                  Summoning/Translocation      5
   e - Hydra Form                     Transmutation                6
   f - Summon Hydra                   Summoning                    7
 U - a book of the Dragon

   Spells                             Type                      Level
   a - Flame Tongue                   Conjuration/Fire             1
   b - Cause Fear                     Hexes                        4
   c - Bolt of Fire                   Conjuration/Fire             6
   d - Dragon Form                    Transmutation                7
   e - Dragon's Call                  Summoning                    9
 X - a book of Maledictions

   Spells                             Type                      Level
   a - Corona                         Hexes                        1
   b - Ensorcelled Hibernation        Hexes/Ice                    2
   c - Confuse                        Hexes                        3
   d - Tukima's Dance                 Hexes                        3
   e - Dazzling Spray                 Conjuration/Hexes            3
Comestibles
 f - 11 bread rations
 g - 2 slices of pizza
 l - 10 meat rations
 F - 20 fruits
 V - a beef jerky
 Y - 5 chunks of flesh


   Skills:
 - Level 3.6 Fighting
 - Level 15.5(16.1) Axes
 + Level 8.1(12.8) Maces & Flails
 - Level 3.6 Armour
 - Level 3.6 Shields


You had 9 spell levels left.
You didn't know any spells.

Dungeon Overview and Level Annotations

Branches:
Dungeon (10/15)            Temple (1/1) D:6            Lair (0/8) D:8
    Orc: D:9-12

Altars:
Ashenzari
Elyvilon
Fedhas
Gozag
Kikubaaqudgha
Makhleb
Nemelex Xobeh
Okawaru
Pakellas
Qazlal
Ru
Vehumet
Xom
Yredelemnul
Zin
The Shining One

Shops:
D:5 *   D:9 %%


Innate Abilities, Weirdness & Mutations

You reflexively headbutt those who attack you in melee.
You have a pair of horns on your head.
You are clumsy. (Dex -2)
Your flesh is cold resistant.
Armour fits poorly on your strangely shaped body.


Message History

The two-headed ogre is moderately wounded.
You block the two-headed ogre's attack. The two-headed ogre closely misses you.
The adder barely misses you. You furiously retaliate!
You headbutt the adder!
You kill the adder!
Qazlal accepts your kill.
You hit the troll.
You kill the troll!
Qazlal accepts your kill.
Your base Maces & Flails skill increases to level 8!
You hit the two-headed ogre.
The two-headed ogre is heavily wounded.
The two-headed ogre hits you with a giant spiked club!!
* * * LOW HITPOINT WARNING * * *
You block the two-headed ogre's attack.
You hit the two-headed ogre. You headbutt the two-headed ogre.
The two-headed ogre is heavily wounded.
You whack the two-headed ogre!
The two-headed ogre is severely wounded.
The two-headed ogre hits you with a giant spiked club!!
You die...

###### #..... #.....
#..### ###########
######..+∩' #....##...#
#.......###
#......§..###§.........
#...§.§.§..##..........
#.....@)§..''..........
#.....O.§..##..........
####...§...####........
#.......# #........
###.....# #........
#.....# ##..##...
######...######...##...
#...##..##⌠_.'.....#...
#...##..##⌠_.'.....#...


You could see a two-headed ogre.

Vanquished Creatures
  A hill giant (D:9)
  A troll (D:9)
  Prince Ribbit (D:8)
  Sigmund (D:5)
  A vampire (D:8)
  2 wasps (D:8)
  An ice beast (D:5)
  2 phantoms (D:8)
  3 orc warriors
  3 sky beasts
  3 ogres
  A centaur (D:6)
  2 big kobolds
  3 giant frogs
  A wyvern skeleton (D:8)
  A water moccasin zombie (Ossuary)
  A scorpion (D:6)
  4 killer bees (D:7)
  4 howler monkeys
  3 wights (D:6)
  4 crimson imps
  3 hounds
  A centaur zombie (D:8)
  3 centaur skeletons
  A jelly (D:9)
  4 orc priests
  2 iguanas
  13 orc wizards
  5 worker ants
  A killer bee zombie (D:7)
  8 big kobold zombies (Ossuary)
  2 mummies (Ossuary)
  A howler monkey zombie (D:9)
  Robin (D:4)
  3 worker ant zombies
  4 gnolls (D:9)
  14 adders
  3 shadow imps
  An ooze (D:5)
  5 adder skeletons
  2 adder zombies (Ossuary)
  3 worms (D:2)
  4 dart slugs
  10 giant geckos
  27 orcs
  11 bats
  10 giant cockroaches
  5 gnoll zombies (Ossuary)
  22 goblins
  8 hobgoblins
  4 jackals (D:3)
  9 kobolds
  A quokka (D:6)
  6 ball pythons (D:7)
  4 giant newts
  A goblin zombie (D:7)
  3 hobgoblin zombies (Ossuary)
  A jackal skeleton (D:5)
  5 kobold zombies (Ossuary)
  3 orc zombies (Ossuary)
  A quokka skeleton (D:4)
  6 rats
  A plant (D:9)
265 creatures vanquished.

Vanquished Creatures (others)
  A sky beast (D:6)
1 creature vanquished.

Grand Total: 266 creatures vanquished

Notes
Turn   | Place    | Note
--------------------------------------------------------------
     0 | D:1      | Reudenith the Minotaur Fighter began the quest for the Orb.
     0 | D:1      | Reached XP level 1. HP: 19/19 MP: 0/0
   160 | D:1      | Reached skill level 3 in Axes
   246 | D:1      | Reached XP level 2. HP: 26/26 MP: 1/1
   546 | D:1      | You fall through a shaft!
   570 | D:2      | Reached skill level 4 in Axes
   918 | D:2      | Reached XP level 3. HP: 29/31 MP: 2/2
  1033 | D:2      | Reached skill level 5 in Axes
  1286 | D:2      | Reached XP level 4. HP: 39/39 MP: 3/3
  1382 | D:2      | Found a basalt altar of Yredelemnul.
  1383 | D:2      | Found a sacrificial altar of Ru.
  1390 | D:2      | Found a radiant altar of Vehumet.
  1393 | D:2      | Found a shattered altar of Ashenzari.
  1393 | D:2      | Found a blossoming altar of Fedhas.
  1814 | D:3      | Reached skill level 6 in Axes
  2068 | D:4      | Reached XP level 5. HP: 41/45 MP: 4/4
  2138 | D:4      | Reached skill level 7 in Axes
  2464 | D:4      | Reached XP level 6. HP: 45/51 MP: 5/5
  2467 | D:4      | Noticed Robin
  2478 | D:4      | Killed Robin
  2681 | D:5      | Entered Level 5 of the Dungeon
  2700 | D:5      | Noticed an ice beast
  2708 | D:5      | Killed an ice beast
  2708 | D:5      | Reached skill level 8 in Axes
  2720 | D:5      | Found a sparkling altar of Nemelex Xobeh.
  2744 | D:5      | Noticed a sky beast
  2758 | D:5      | Killed a sky beast
  2758 | D:5      | Reached skill level 9 in Axes
  2759 | D:5      | Found Qoeff's Assorted Antiques.
  2836 | D:5      | Noticed Sigmund
  2842 | D:5      | Killed Sigmund
  2842 | D:5      | Reached XP level 7. HP: 46/57 MP: 6/6
  2897 | D:5      | Reached skill level 10 in Axes
  3016 | D:5      | Got a transparent leather armour
  3017 | D:5      | Identified the +1 leather armour of Parts Unknown {rElec Int+3} (You found it on level 5 of the Dungeon)
  3431 | D:6      | Reached skill level 11 in Axes
  3470 | D:6      | Reached XP level 8. HP: 50/64 MP: 7/7
  3593 | D:6      | Found a staircase to the Ecumenical Temple.
  3604 | Temple   | Entered the Ecumenical Temple
  3621 | Temple   | Became a worshipper of Qazlal Stormbringer
  3792 | D:6      | Reached skill level 12 in Axes
  3796 | D:6      | Gained mutation: Your flesh is cold resistant. [potion of mutation]
  3796 | D:6      | Gained mutation: Armour fits poorly on your strangely shaped body. [potion of mutation]
  3796 | D:6      | Gained mutation: You are clumsy. (Dex -2) [potion of mutation]
  4471 | D:7      | Found a sand-covered staircase.
  4485 | Ossuary  | Entered an ossuary
  4509 | Ossuary  | Reached * piety under Qazlal
  4527 | Ossuary  | Reached skill level 13 in Axes
  4930 | D:7      | Reached ** piety under Qazlal
  4930 | D:7      | Reached XP level 9. HP: 70/70 MP: 8/8
  5817 | D:8      | Noticed Prince Ribbit
  5830 | D:8      | Reached skill level 14 in Axes
  5846 | D:8      | Killed Prince Ribbit
  6248 | D:8      | Reached skill level 15 in Axes
  6344 | D:8      | Found a staircase to the Lair.
  6548 | D:8      | Got a pearl-studded ring mail
  6549 | D:8      | Identified the cursed +0 ring mail "Appeam" {*Corrode rElec rC++} (You found it on level 8 of the Dungeon)
  6579 | D:8      | Reached *** piety under Qazlal
  6596 | D:8      | Got an ichor-stained whip
  6597 | D:8      | Identified the +9 whip of the Hummingbird {holy, *Contam MR+ Str+4 Int+2} (You found it on level 8 of the Dungeon)
  6661 | D:8      | Reached skill level 1 in Maces & Flails
  7154 | D:8      | Reached XP level 10. HP: 77/77 MP: 9/9
  7330 | D:9      | Reached skill level 5 in Maces & Flails
  7394 | D:9      | Found Boliloo's Food Emporium.
  7539 | D:9      | Found Wupsoly's Food Shop.
  7554 | D:9      | Found an iron altar of Okawaru.
  7554 | D:9      | Found a shimmering altar of Xom.
  7818 | D:10     | Entered Level 10 of the Dungeon
  7818 | D:10     | Noticed a hill giant
  7823 | D:9      | Reached **** piety under Qazlal
  7919 | D:9      | Killed a hill giant
  8148 | D:9      | Demolished by a two-headed ogre

Skill      XL: |  1  2  3  4  5  6  7  8  9 10 |
---------------+-------------------------------+-----
Axes           | 3 4 5 6 7 9 11 13 15 | 15.5
Maces & Flails | 4 8 |  8.1
Fighting       | |  3.6
Armour         | |  3.6
Shields        | |  3.6

Action                   |  1- 3 |  4- 6 |  7- 9 | 10-12 || total
-------------------------+-------+-------+-------+-------++-------
Melee: War axe           |    66 |   112 |   332 |       ||   510
       Headbutt          |     7 |    20 |    60 |    15 ||   102
       Whip              |       |       |    44 |    64 ||   108
  Use: Scroll            |       |    10 |     6 |       ||    16
       Potion            |       |       |     4 |     1 ||     5
  Eat: Chunk             |     1 |     5 |    12 |     4 ||    22
       Royal jelly       |       |       |     1 |       ||     1
Armor: Scale mail        |     3 |       |       |       ||     3
       Chain mail        |    22 |    54 |    15 |       ||    91
       Leather armour    |       |       |    59 |     6 ||    65
       Skin              |       |       |     1 |       ||     1
       Ring mail         |       |       |       |     5 ||     5
Dodge: Dodged            |    12 |    12 |    56 |    10 ||    90
Block: Shield            |    33 |    55 |   174 |    47 ||   309
